 Dungeon Crawl Stone Soup version 0.31.0-32-g396128a36d (webtiles) character file.

Game seed: 3344667079558141307

32258 spaghetti the Fighter (level 13, -7/204 HPs)
             Began as a Naga Berserker on Mar 22, 2024.
             Was a Priest of Trog.
             Mangled by a freezing wraith (21 damage)
             ... led by a death knight
             ... on level 13 of the Dungeon.
             The game lasted 00:15:41 (16458 turns).

spaghetti the Fighter (Naga Berserker)             Turns: 16458, Time: 00:15:41

Health: -7/204     AC: 34    Str: 33    XL:     13   Next: 63%
Magic:  13/13      EV: 10    Int: 15    God:    Trog [***...]
Gold:   456        SH:  0    Dex: 10    Spells: 12/12 levels left

rFire   + . .        D - +2 broad axe (protect)
rCold   . . .        (no shield)
rNeg    . . .        F - +5 ring mail of Temperance {*Slow Int+5}
rPois   +            (helmet restricted)
rElec   +            h - +0 cloak
rCorr   .            (no gloves)
SInv    +            e - +6 lightning scales {swift, rElec}
Will    .....        v - amulet of faith Stlth
                     f - ring of protection from fire
HPRegen 0.54/turn    r - +6 ring of strength
MPRegen 0.13/turn

%: slow self (1%), faith
@: berserking, weak-willed, under a protective aura, slowed, slow
A: AC +4, large, see invisible, deformed body, poison resistance, slowness 2,
spit poison 1, naga tail 2, horns 1, clever 1, strong 1
a: Spit Poison, Renounce Religion, Berserk, Trog's Hand


You were on level 13 of the Dungeon.
You worshipped Trog.
Trog was most pleased with you.
You visited 1 branch of the dungeon, and saw 13 of its levels.

You collected 935 gold pieces.
You spent 479 gold pieces at shops.

Inventory:

Hand Weapons
 D - a +2 broad axe of protection (weapon)
Missiles
 a - 6 javelins
 k - 2 throwing nets
 x - 14 curare-tipped darts
Armour
 e - the +6 lightning scales (worn) {swift, rElec}
   (You acquired it on level 4 of the Dungeon)

   Swift:     It allows the wearer to cover ground more swiftly.
   rElec:     It insulates you from electricity.
 h - a +0 cloak (worn)
 E - +0 steam dragon scales
 F - the +5 ring mail of Temperance (worn) {*Slow Int+5}
   (You bought it in a shop on level 2 of the Dungeon)

   Int+5:     It affects your intelligence (+5).
   *Slow:     It may slow you when you take damage.
Jewellery
 c - a ring of protection from cold
 f - a ring of protection from fire (left hand)
 i - a ring of flight
 j - a ring of positive energy
 r - a +6 ring of strength (right hand)
 v - an amulet of faith (around neck)
Wands
 m - a wand of flame (77)
 n - a wand of charming (8)
 p - a wand of mindburst (26)
 A - a wand of iceblast (16)
Scrolls
 b - 2 scrolls of enchant weapon
 d - 3 scrolls of teleportation
 t - a scroll of noise
 z - a scroll of revelation
 B - 2 scrolls of poison
 G - a scroll of enchant armour
Potions
 g - 6 potions of heal wounds
 l - 2 potions of mutation
 o - a potion of magic {unknown}
 q - 4 potions of haste
 s - 2 potions of might
 u - 2 potions of curing
 w - 2 potions of enlightenment
 C - 2 potions of attraction
 H - a potion of resistance
Miscellaneous
 y - a phantom mirror


   Skills:
 + Level 14.4 Fighting
 - Level 3.8 Long Blades
 + Level 9.9 Armour
 + Level 9.9 Dodging
 - Level 8.0 Evocations


You had 12 spell levels left.
You didn't know any spells.
Your spell library was empty.

Dungeon Overview and Level Annotations

Branches:
Dungeon (13/15)            Temple (0/1) D:5            Lair (0/5) D:9
    Orc (0/2) D:12
 Vaults: D:13-14

Altars:
Cheibriados
Hepliaklqana
Sif Muna
Wu Jian
Xom
Zin
The Shining One

Shops:
D:1 (   D:2 *   D:3 *(   D:6 (   D:7 *


Innate Abilities, Weirdness & Mutations

Your serpentine skin is tough. (AC +4)
You have supernaturally acute eyesight. (SInv)
Armour fits poorly on your strangely shaped body.
Your system is resistant to poisons. (rPois)
You cover ground very slowly.
You can spit poison.
You can use your snake-like lower body to constrict enemies.
You have a pair of small horns on your head.
Your mind is acute. (Int +4, Str/Dex -1)
Your muscles are strong. (Str +4, Int/Dex -1)


Message History

The death knight hits you but does no damage.
You barely miss the death knight.
The death knight is lightly wounded.
You barely miss the freezing wraith. You barely miss the phantasmal warrior.
You slash the wraith! You constrict the death knight.
The death knight's dark mirror aura disappears.
The death knight reflects your damage back at you!
The wraith closely misses you.
The death knight hits you but does no damage.
The freezing wraith barely misses you. The freezing wraith hits you.
The freezing wraith drains your vigour!
You feel yourself slow down.
The phantasmal warrior hits you but does no damage.
You slash the death knight!
The death knight is moderately wounded.
You closely miss the wraith.
You completely miss the freezing wraith.
You barely miss the phantasmal warrior. You constrict the death knight.
The freezing wraith hits you. The freezing wraith freezes you!
The freezing wraith hits you but does no damage.
The phantasmal warrior hits you but does no damage.
The wraith closely misses you.
The death knight hits you with a +0 broad axe!
The phantasmal warrior hits you!
* * * LOW HITPOINT WARNING * * *
The freezing wraith hits you.
* * * LOW HITPOINT WARNING * * *
The freezing wraith freezes you!
* * * LOW HITPOINT WARNING * * *
The freezing wraith barely misses you. The wraith barely misses you.
The death knight mumbles some strange prayers to Yredelemnul against you.
Your body is wracked with pain!
* * * LOW HITPOINT WARNING * * *
You slash the death knight!
The death knight is heavily wounded.
You slash the wraith! You slash the freezing wraith!
You barely miss the phantasmal warrior. You constrict the death knight!
The freezing wraith hits you.
* * * LOW HITPOINT WARNING * * *
The freezing wraith freezes you!!
You die...

..#........... /#
#.#.........### .####
#.#.........+.#####.....
+.#.........#...........
#.###########..........
#.................$....
..................####
...############.W.# ####
#.@.#


#WpW# #..B# #.... #.>... #...... #....... #........ You could see a death
knight, a boulder beetle, a phantasmal warrior, a freezing wraith and a wraith.

Vanquished Creatures
  A fire giant (D:12)
  A stone giant (D:12)
  Josephine (D:10)
  An ettin (D:12)
  Fannar (D:12)
  Erica (D:11)
  4 centaur warriors
  A boulder beetle (D:11)
  A death knight (D:13)
  6 two-headed ogres
  An ogre mage (D:11)
  Urug (D:12)
  Sonja (D:10)
  2 skeletal warriors (D:13)
  A deep elf pyromancer (D:12)
  Pikel (D:9)
  3 cyclopes
  A manticore (D:12)
  An elephant (D:9)
  A gargoyle (D:12)
  Maggie (D:7)
  3 kobold demonologists
  A komodo dragon (D:11)
  2 unseen horrors (D:11)
  An efreet (D:13)
  A tengu conjurer (D:12)
  5 trolls
  Prince Ribbit (D:5)
  A shadow (D:11)
  3 wraiths
  17 yaks
  A wyvern (D:9)
  2 steam dragons
  5 water moccasins
  A swamp drake (D:12)
  3 orc warriors
  A sky beast (D:8)
  2 ice beasts
  A black bear (D:6)
  6 ogres
  2 centaurs
  A lemure (D:9)
  8 kobold brigands
  A gnoll sergeant (D:6)
  2 scorpions
  6 killer bees (D:9)
  3 howler monkeys
  2 hounds (D:6)
  2 jellies
  A bombardier beetle (D:5)
  5 orc priests
  A sleepcap (D:5)
  3 gnoll boudas
  4 iguanas
  9 orc wizards
  Ijyb (D:4)
  Terence (D:3)
  14 gnolls
  11 adders
  5 river rats (D:4)
  2 white imps
  2 ufetubi (D:7)
  2 dart slugs
  2 ribbon worms
  34 orcs
  10 ball pythons
  7 endoplasms
  A giant cockroach (D:2)
  15 goblins
  6 hobgoblins
  7 jackals
  3 quokkas (D:1)
  4 bats (D:1)
  6 frilled lizards
  12 kobolds
  9 rats
293 creatures vanquished.

Vanquished Creatures (collateral kills)
  A two-headed ogre (D:9)
  A tengu warrior (D:12)
  A cyclops (D:11)
  A kobold demonologist (D:10)
  A shadow (D:10)
  3 wraiths (D:10)
  2 yaks
  3 basilisks
  16 kobold brigands (D:10)
  A kobold (D:10)
30 creatures vanquished.

Grand Total: 323 creatures vanquished

Notes
Turn   | Place    | Note
-------+----------+-------------------------------------------
     0 | D:1      | spaghetti the Naga Berserker began the quest for the Orb.
     0 | D:1      | Reached XP level 1. HP: 21/21 MP: 1/1
    83 | D:1      | Reached XP level 2. HP: 18/28 MP: 2/2
   287 | D:1      | Found Mimom's Weapon Shoppe.
   457 | D:1      | Gained mutation: Your mind is acute. (Int +4, Str/Dex -1)
                  | [potion of mutation]
   457 | D:1      | Gained mutation: Your muscles are strong. (Str +4, Int/Dex
                  | -1) [potion of mutation]
   457 | D:1      | Gained mutation: You have a pair of small horns on your
                  | head. [potion of mutation]
   516 | D:1      | Reached ** piety under Trog
   517 | D:1      | Reached XP level 3. HP: 16/34 MP: 3/3
  1410 | D:2      | Found Fabumib's Assorted Antiques.
  1622 | D:3      | Reached skill level 4 in Fighting
  1630 | D:3      | Reached XP level 4. HP: 39/44 MP: 4/4
  1691 | D:3      | Found Heihaig's Weapon Boutique.
  1796 | D:3      | Noticed Terence
  1806 | D:3      | Killed Terence
  2079 | D:3      | Reached XP level 5. HP: 51/51 MP: 5/5
  2271 | D:3      | Found Jenn's Assorted Antiques.
  2278 | D:3      | Bought a long fluorescent wand for 112 gold pieces
  2391 | D:3      | Reached skill level 5 in Fighting
  2662 | D:4      | Noticed Ijyb
  2676 | D:4      | Killed Ijyb
  2677 | D:4      | Reached skill level 1 in Evocations
  3044 | D:4      | Identified a scroll of acquirement
  3052 | D:4      | Acquired the +6 lightning scales {swift, rElec}
  3052 | D:4      | Found the +6 lightning scales {swift, rElec}
  3242 | D:4      | Reached XP level 6. HP: 45/61 MP: 6/6
  3445 | D:4      | Reached *** piety under Trog
  3947 | D:4      | Reached skill level 6 in Fighting
  3989 | D:4      | Reached XP level 7. HP: 24/70 MP: 7/7
  4341 | D:5      | Entered Level 5 of the Dungeon
  4428 | D:5      | Found a staircase to the Ecumenical Temple.
  4642 | D:5      | Noticed Prince Ribbit
  4659 | D:5      | Killed Prince Ribbit
  4660 | D:5      | Reached skill level 7 in Fighting
  4660 | D:5      | Reached skill level 5 in Evocations
  4660 | D:5      | Reached XP level 8. HP: 38/80 MP: 8/8
  5301 | D:5      | Reached skill level 8 in Fighting
  5540 | D:6      | Found a shimmering blue altar of Sif Muna.
  5796 | D:6      | Found Pexiocw's Antique Weapon Shoppe.
  6107 | D:6      | Reached **** piety under Trog
  6108 | D:6      | Reached XP level 9. HP: 77/90 MP: 9/9
  6342 | D:6      | Found a hazy altar of Hepliaklqana.
  6342 | D:6      | Found an ornate altar of the Wu Jian Council.
  6478 | D:6      | Found a glowing golden altar of the Shining One.
  6913 | D:7      | Noticed a troll
  6928 | D:7      | Killed a troll
  6929 | D:7      | Reached skill level 9 in Fighting
  7383 | D:7      | Noticed Maggie
  7399 | D:7      | Killed Maggie
  7562 | D:7      | Found Inimucif's Assorted Antiques.
  7570 | D:7      | Bought a scroll of enchant weapon for 187 gold pieces
  8213 | D:2      | Bought a masterwork ring mail for 180 gold pieces
  8213 | D:2      | Identified the +5 ring mail of Temperance {*Slow Int+5}
                  | (You bought it in a shop on level 2 of the Dungeon)
  8427 | D:9      | Noticed a two-headed ogre
  8428 | D:9      | Noticed an elephant
  8429 | D:9      | Found a staircase to the Lair.
  8431 | D:9      | Reached XP level 10. HP: 87/100 MP: 10/10
  9026 | D:8      | Noticed a two-headed ogre
  9034 | D:8      | Killed a two-headed ogre
  9035 | D:8      | Reached skill level 10 in Fighting
  9613 | D:9      | Killed an elephant
  9737 | D:9      | Noticed Pikel
  9745 | D:9      | Killed Pikel
  9746 | D:9      | Reached skill level 5 in Armour
  9746 | D:9      | Reached skill level 5 in Dodging
 10074 | D:9      | Killed a two-headed ogre
 10075 | D:9      | Reached skill level 11 in Fighting
 10075 | D:9      | Reached XP level 11. HP: 93/111 MP: 11/11
 10320 | D:10     | Entered Level 10 of the Dungeon
 10345 | D:10     | Found a snail-covered altar of Cheibriados.
 10363 | D:10     | Noticed a two-headed ogre
 10377 | D:10     | Killed a two-headed ogre
 10551 | D:10     | Found a shimmering altar of Xom.
 10844 | D:10     | Found a glowing silver altar of Zin.
 10861 | D:10     | Noticed a soul eater
 11088 | D:10     | Noticed Josephine
 11088 | D:10     | Noticed a two-headed ogre
 11104 | D:10     | Killed Josephine
 11108 | D:10     | Killed a two-headed ogre
 11203 | D:10     | Reached skill level 12 in Fighting
 11499 | D:10     | Noticed Sonja
 11532 | D:10     | Killed Sonja
 12524 | D:11     | Reached XP level 12. HP: 72/75 MP: 12/12
 12736 | D:11     | Noticed Erica
 12748 | D:11     | Killed Erica
 13102 | D:11     | Noticed a two-headed ogre
 13112 | D:11     | Killed a two-headed ogre
 13440 | D:11     | Noticed a centaur warrior
 13449 | D:11     | Killed a centaur warrior
 13546 | D:11     | Noticed a two-headed ogre
 13563 | D:11     | Noticed a boulder beetle
 13566 | D:11     | Killed a two-headed ogre
 13584 | D:11     | Reached skill level 13 in Fighting
 13605 | D:11     | Killed a boulder beetle
 13804 | D:11     | Noticed an ogre mage
 13810 | D:11     | Killed an ogre mage
 13827 | D:11     | Identified the +0 chain mail "Dynwuf" {*Slow Will+ Dex+2}
 13932 | D:12     | Noticed a soul eater
 14070 | D:12     | Noticed a tengu warrior
 14110 | D:12     | Killed a tengu warrior
 14278 | D:12     | Gained mutation: You can use your snake-like lower body to
                  | constrict enemies. [Naga growth]
 14278 | D:12     | Reached XP level 13. HP: 133/133 MP: 13/13
 14492 | D:12     | Noticed Urug
 14502 | D:12     | Killed Urug
 14661 | D:12     | Noticed Fannar
 14674 | D:12     | Killed Fannar
 14816 | D:12     | Found a runed translucent door.
 14817 | D:12     | Noticed an ettin
 14817 | D:12     | Noticed a stone giant
 14818 | D:12     | Noticed a fire giant
 14893 | D:12     | Found a staircase to the Orcish Mines.
 15339 | D:12     | Killed a fire giant
 15340 | D:12     | Reached skill level 14 in Fighting
 15349 | D:12     | Killed a stone giant
 15349 | D:12     | HP: 2/202 [ettin/+0 dire flail (23)]
 15350 | D:12     | Killed an ettin
 16458 | D:13     | Mangled by a freezing wraith

Illustrated notes

Levels and vault maps discovered:
D:1:      minmay_arrival_cross, layout_loops_ring, serial_shops,
          nicolae_shop_bloodbath_and_beyond
D:2:      layout_basic, serial_shops, shop, serial_park_tiny_2,
          minmay_pentomino_z4
D:3:      layout_basic, serial_shops, shop, nicolae_shop_trees, uniq_terence
D:4:      kennysheep_goblin_castle, layout_basic, lightli_sewer_entry_pipes,
          corexii_checkpoint
D:5:      layout_cave_pods, minmay_temple_entry_statues_fountains,
          uniq_prince_ribbit1
D:6:      layout_basic, mainiacjoe_overflow_paths,
          nicolae_tso_swordbearing_angel, gammafunk_temple_overflow_elements,
          serial_shops, nicolae_shop_tiny_statue_garden, nrook_mini_vaults,
          serial_bayou_pond_c, minmay_tree_intersection
D:7:      layout_basic, serial_shops, shop, uniq_maggie
D:8:      layout_basic
D:9:      layout_irregular_city, david_lair_generic, serial_park_tiny_2,
          uniq_pikel
D:10:     layout_roguey [special_room_kobold], mainiacjoe_overflow_boulevard,
          mainiacjoe_overflow_24_doors, zin_academy, uniq_sonja, uniq_josephine
D:11:     layout_rooms, st_stairs_2, minmay_pinched_square, uniq_erica
D:12:     layout_loops_ring, erik_orc_1, kennysheep_treasure_room, uniq_urug,
          uniq_fannar
D:13:     layout_irregular_city

Skill      XL: |  1  2  3  4  5  6  7  8  9 10 11 12 13 |
---------------+----------------------------------------+-----
Fighting       | 4 5 6 7 8 9 11 12 13 14 | 14.4
Evocations     | 2 3 5 7 8 |  8.0
Armour         | 3 5 7 9 |  9.9
Dodging        | 3 5 7 9 |  9.9
Long Blades    | |  3.8

Action                     |  1- 3 |  4- 6 |  7- 9 | 10-12 | 13-15 || total
---------------------------+-------+-------+-------+-------+-------++-------
  Melee: Falchion          |   104 |   110 |       |       |       ||   214
         Headbutt          |    11 |    31 |    67 |    69 |    34 ||   212
         Dagger            |       |    92 |   292 |       |       ||   384
         Punch             |       |     2 |     4 |     5 |     2 ||    13
         Broad axe         |       |       |    22 |   374 |   104 ||   500
         Constrict         |       |       |       |       |    25 ||    25
  Throw: Dart              |       |       |       |     6 |       ||     6
 Invoke: Berserk           |     1 |     8 |     5 |    11 |     5 ||    30
         Brothers in Arms  |       |       |       |     9 |     1 ||    10
         Trog's Hand       |       |       |       |     3 |     1 ||     4
Ability: Spit Poison       |     1 |       |       |     1 |       ||     2
    Use: Potion            |     4 |       |     3 |     4 |       ||    11
         Scroll            |     3 |     2 |     5 |    11 |       ||    21
   Stab: Distracted        |       |       |       |     1 |       ||     1
 Armour: Animal skin       |    86 |   175 |   299 |       |       ||   560
         Steam dragon scal |       |       |    22 |       |       ||    22
         Ring mail         |       |       |     2 |   919 |   170 ||  1091
  Dodge: Dodged            |    55 |    90 |   141 |   371 |    68 ||   725
